 Dungeon Crawl Stone Soup version 0.21.0-3-g78d12a8 (webtiles) character file.

2065 zxpr0jk the Frost Mage (level 9, -11/62 HPs)
             Began as a Green Draconian Ice Elementalist on Jan 12, 2018.
             Mangled by a two-headed ogre
             ... wielding a +0 giant club
              (20 damage)
             ... on level 8 of the Dungeon.
             The game lasted 00:22:30 (8116 turns).

zxpr0jk the Frost Mage (DrIE)                       Turns: 8116, Time: 00:22:31

Health: -11/62     AC: 17    Str: 10    XL:     9   Next: 5%
Magic:  0/18       EV: 12    Int: 19    God:
Gold:   394        SH:  0    Dex: 12    Spells: 13/21 levels left

rFire    x . .     SeeInvis .   j - +1 broad axe (elec)
rCold    + . .     Gourm    .   (no shield)
rNeg     . . .     Faith    .   (armour unavailable)
rPois    +         Spirit   +   (helmet restricted)
rElec    .         Reflect  .   p - scarf {Spirit}
rCorr    .         Harm     .   d - +0 pair of gloves
MR       .....     Rnd*Tele +   y - +0 pair of boots
Stlth    ++........             (no amulet)
HPRegen  0.20/turn              g - ring of teleportation (curse)
MPRegen  0.16/turn              f - ring of ice

@: icy armour, slow
A: breathe noxious fumes, unfitting armour, poison resistance, cold-blooded, AC
+7
a: Breathe Noxious Fumes


You were on level 8 of the Dungeon.
You were hungry.

You visited 1 branch of the dungeon, and saw 8 of its levels.

You collected 394 gold pieces.

Inventory:

Hand Weapons
 j - a +1 broad axe of electrocution (weapon)
Missiles
 t - 137 stones (quivered)
 B - a sling bullet
Armour
 d - a +0 pair of gloves (worn)
 p - a scarf of spirit shield (worn)
 y - a +0 pair of boots (worn)
Jewellery
 f - a ring of ice (right hand)
 g - a cursed ring of teleportation (left hand)
 r - a +4 ring of evasion
 v - an uncursed ring of poison resistance {unknown}
 w - an uncursed ring of resist corrosion
 A - an uncursed ring of wizardry
Wands
 k - a wand of disintegration (12)
 C - a wand of iceblast (5)
Scrolls
 e - 2 scrolls of fog
 m - 4 scrolls of identify
 o - a scroll of amnesia
Potions
 c - 4 potions of heal wounds
 h - a potion of curing {unknown}
 i - 3 potions of degeneration {unknown}
 l - a potion of berserk rage {unknown}
 n - 2 potions of haste
 q - a potion of brilliance {unknown}
 s - a potion of magic {unknown}
 u - 2 potions of lignification {unknown}
 x - a potion of cancellation {unknown}
 z - 2 potions of mutation {unknown}
Books
 a - a book of Frost

   Spells                             Type                      Level
   a - Freeze                         Ice                          1
   b - Throw Frost                    Conjuration/Ice              2
   c - Ozocubu's Armour               Charms/Ice                   3
   d - Throw Icicle                   Conjuration/Ice              4
   e - Summon Ice Beast               Ice/Summoning                4
Comestibles
 b - 8 rations
 D - a chunk of flesh


   Skills:
 - Level 1.7 Dodging
 - Level 1.7 Stealth
 + Level 6.5 Spellcasting
   Level 1.0 Conjurations
 * Level 10.1 Ice Magic


You had 13 spell levels left.
You knew the following spells:

 Your Spells              Type           Power        Failure   Level  Hunger
a - Freeze                Ice            ####         1%          1    None
b - Ozocubu's Armour      Chrm/Ice       #####...     3%          3    ##.....
c - Summon Ice Beast      Ice/Summ       #####...     13%         4    ####...


Dungeon Overview and Level Annotations

Branches:
Dungeon (8/15)             Temple (0/1) D:7            Lair (0/6) D:8

Altars:
Fedhas
Makhleb
Trog
Uskayaw

Annotations:
D:3 WimpyRanger's ghost, amateur MfWz
D:4 Snack's ghost, amateur TeEn


Innate Abilities, Weirdness & Mutations

You can breathe blasts of noxious fumes.
Your lurid green scales are hard. (AC +7)
You cannot fit into any form of body armour.
Your system is resistant to poisons. (rPois)
You are cold-blooded and may be slowed by cold attacks.


Message History

The two-headed ogre hits you but does no damage.
You hit the two-headed ogre.
The two-headed ogre is heavily wounded.
The two-headed ogre barely misses you.
The two-headed ogre hits you with a giant club!!
Casting: Freeze
Confirm with . or Enter, or press ? or * to list all spells.
You feel a surge of power! A film of ice covers your body!
The two-headed ogre hits you but does no damage.
The two-headed ogre hits you with a giant club!
* * * LOW HITPOINT WARNING * * *
Casting: Ozocubu's Armour
Confirm with . or Enter, or press ? or * to list all spells.
Aiming: Freeze
Press: ? - help, Shift-Dir - straight line, f/p - two-headed ogre
Aim: a two-headed ogre, wielding two giant clubs (heavily wounded)
You feel a surge of power!
You freeze the two-headed ogre.
The two-headed ogre is severely wounded.
The two-headed ogre hits you with a giant club!!
You die...

#..#.....##
#..#.....###
#..#.......+
#..#.....###
#..#.#...###
#..........#
####.#####.#
#.# .# #@# .
#O# .. #l#
.. #....lY#
#.###.#(.
#.#..Y. #..
...>. ###
..... ....


You could see a two-headed ogre, a yak and 2 basilisks.

Vanquished Creatures
  Menkaure (D:7)
  2 sky beasts
  An orc warrior (D:7)
  A phantom (D:2)
  2 ice beasts (D:5)
  A centaur (D:5)
  A big kobold (D:6)
  A bullfrog (D:6)
  A water moccasin skeleton (D:7)
  A centaur zombie (D:5)
  A jelly (D:7)
  An orc priest (D:6)
  A hound (D:5)
  3 bullfrog skeletons
  2 centaur skeletons
  2 iguanas (D:6)
  6 orc wizards
  3 worker ants (D:7)
  Robin (D:3)
  A howler monkey zombie (D:5)
  9 adders
  2 gnolls (D:7)
  A shadow imp (D:5)
  An ooze (D:2)
  2 adder zombies (D:5)
  An adder skeleton (D:4)
  4 worms
  2 dart slugs (D:1)
  4 leopard geckos
  27 orcs
  8 giant cockroaches
  19 goblins
  18 hobgoblins
  7 kobolds
  2 quokkas
  3 ball pythons
  A ball python skeleton (D:4)
  8 bats
  3 frilled lizards
  A leopard gecko skeleton (D:4)
  2 quokka skeletons
  8 rats
166 creatures vanquished.

Vanquished Creatures (collateral kills)
  Prince Ribbit (D:7)
  An ice beast (D:7)
  A phantom (D:4)
  A jelly (D:7)
  A gnoll (D:7)
5 creatures vanquished.

Grand Total: 171 creatures vanquished

Notes
Turn   | Place    | Note
-------+----------+-------------------------------------------
     0 | D:1      | zxpr0jk the Draconian Ice Elementalist began the quest for the Orb.
     0 | D:1      | Reached XP level 1. HP: 14/14 MP: 3/3
   147 | D:1      | Reached XP level 2. HP: 16/20 MP: 0/5
   583 | D:1      | You fall through a shaft!
   634 | D:2      | Reached XP level 3. HP: 22/26 MP: 2/6
   646 | D:2      | Noticed a phantom
   675 | D:2      | Noticed a dagger
   677 | D:2      | Noticed a hand axe
   680 | D:2      | Reached skill level 4 in Ice Magic
   686 | D:2      | Found a hide-covered altar of Uskayaw.
  1307 | D:2      | Reached XP level 4. HP: 19/33 MP: 5/8
  1884 | D:3      | Noticed WimpyRanger's ghost (amateur MfWz)
  2590 | D:4      | Reached skill level 5 in Ice Magic
  2590 | D:4      | Reached XP level 5. HP: 36/38 MP: 4/9
  2609 | D:4      | Noticed Snack's ghost (amateur TeEn)
  2751 | D:5      | Entered Level 5 of the Dungeon
  2751 | D:5      | Noticed an ice beast
  2751 | D:5      | Noticed a sky beast
  2757 | D:5      | Noticed an ice beast
  2775 | D:5      | Killed an ice beast
  2948 | D:5      | Learned a level 3 spell: Ozocubu's Armour
  2953 | D:5      | Learned a level 4 spell: Summon Ice Beast
  3001 | D:5      | Killed an ice beast
  3001 | D:5      | Reached skill level 6 in Ice Magic
  3001 | D:5      | Reached XP level 6. HP: 35/45 MP: 11/11
  3100 | D:5      | Killed a sky beast
  3639 | D:5      | Your scales start taking on a lurid green colour.
  3639 | D:5      | Reached XP level 7. HP: 40/50 MP: 11/13
  3639 | D:5      | Gained mutation: Your system is resistant to poisons. (rPois) [Green Draconian growth]
  3773 | D:5      | Reached skill level 7 in Ice Magic
  4895 | D:4      | Found a burning altar of Makhleb.
  5355 | D:3      | Noticed Robin
  5366 | D:3      | Killed Robin
  5942 | D:2      | Reached skill level 5 in Spellcasting
  6220 | D:6      | Reached skill level 8 in Ice Magic
  6299 | D:6      | Reached XP level 8. HP: 39/57 MP: 5/15
  6539 | D:6      | Found a blossoming altar of Fedhas.
  6583 | D:6      | Found a bloodstained altar of Trog.
  6810 | D:7      | Noticed Menkaure
  6960 | D:7      | Killed Menkaure
  6960 | D:7      | Reached skill level 9 in Ice Magic
  7331 | D:7      | Found a staircase to the Ecumenical Temple.
  7349 | D:7      | Noticed Prince Ribbit
  7396 | D:7      | Killed Prince Ribbit
  7433 | D:7      | Identified a scroll of acquirement
  7435 | D:7      | Reached skill level 10 in Ice Magic
  7779 | D:7      | Reached XP level 9. HP: 50/62 MP: 14/18
  8108 | D:8      | Found a staircase to the Lair.
  8108 | D:8      | Noticed a two-headed ogre
  8116 | D:8      | Mangled by a two-headed ogre

Skill      XL: |  1  2  3  4  5  6  7  8 |
---------------+-------------------------+-----
Ice Magic      | 4 5 6 8 10 | 10.1
Spellcasting   | 3 4 5 6 |  6.5
Dodging        | |  1.7
Stealth        | |  1.7
Conjurations   | |  1.0

Action                   |  1- 3 |  4- 6 |  7- 9 || total
-------------------------+-------+-------+-------++-------
Melee: Unarmed           |    31 |       |       ||    31
       Tailslap          |     3 |       |     4 ||     7
       Dagger            |     5 |       |       ||     5
       Hunting sling     |       |       |     2 ||     2
       Falchion          |       |       |    16 ||    16
       Broad axe         |       |       |    30 ||    30
 Fire: Hunting sling     |    34 |   171 |   335 ||   540
Throw: Stone             |       |       |    45 ||    45
 Cast: Freeze            |    45 |    45 |   128 ||   218
       Summon Ice Beast  |       |       |    10 ||    10
       Ozocubu's Armour  |       |       |     4 ||     4
 Abil: Breathe Noxious F |       |       |     6 ||     6
Evoke: Wand              |       |     7 |     5 ||    12
  Use: Scroll            |     3 |     3 |     5 ||    11
       Potion            |       |     1 |       ||     1
  Eat: Chunk             |     2 |     3 |    10 ||    15
       Ration            |       |     1 |     2 ||     3
Armor: Skin              |    20 |    49 |    81 ||   150
Dodge: Dodged            |    42 |   111 |   303 ||   456
       Rpst.: Falchion   |       |       |     6 ||     6
